 Dungeon Crawl Stone Soup version 0.27-a0-1325-g58a489ad9e (webtiles) character file.

Game seed: 11405427450139903919

64 Feb132020 the Magician (level 3, 0/19 HPs)
             Began as a Deep Elf Hedge Wizard on June 24, 2021.
             Slain by an orc (4 damage)
             ... on level 3 of the Dungeon.
             The game lasted 00:08:25 (3094 turns).

Feb132020 the Magician (Deep Elf Hedge Wizard)      Turns: 3094, Time: 00:08:26

Health: 0/19       AC:  2    Str:  7    XL:     3   Next: 91%
Magic:  6/11       EV: 13    Int: 19    God:
Gold:   126        SH:  0    Dex: 14    Spells: 2/12 levels left

rFire    . . .     SeeInvis .   e - +0 short sword
rCold    . . .     Faith    .   (no shield)
rNeg     . . .     Spirit   .   b - +0 robe
rPois    .         Reflect  .   c - +0 hat
rElec    .         Harm     .   (no cloak)
rCorr    .         Rampage  .   (no gloves)
Will     .....                  (no boots)
Stlth    ++........             (no amulet)
HPRegen  0.06/turn              (no ring)
MPRegen  0.12/turn              (no ring)

@: very slightly contaminated
A: no striking features
a: no special abilities


You were on level 3 of the Dungeon.
You visited 1 branch of the dungeon, and saw 3 of its levels.

You collected 126 gold pieces.

Inventory:

Hand Weapons
 a - a +0 dagger
 e - a +0 short sword (weapon)
Armour
 b - a +0 robe (worn)
 c - a +0 hat (worn)
Scrolls
 d - a scroll of teleportation
 f - a scroll of amnesia {unknown}
 g - 2 scrolls of fear {unknown}


   Skills:
 + Level 0.1 Fighting
 + Level 0.8 Short Blades
 + Level 3.1 Dodging
 + Level 3.1 Stealth
 + Level 5.3 Spellcasting
 + Level 1.6 Conjurations
 + Level 1.1 Summonings
 + Level 1.1 Translocations
 * Level 0.4 Air Magic
 * Level 0.2 Poison Magic


You had 2 spell levels left.
You knew the following spells:

 Your Spells              Type           Power      Damage    Failure   Level
a - Magic Dart            Conj           44%        1d5       6%          1
b - Call Imp              Summ           9%         N/A       12%         2
c - Mephitic Cloud        Conj/Pois/Air  7%         N/A       26%         3
d - Slow                  Hex            5%         N/A       19%         2
B - Blink                 Tloc           N/A        N/A       12%         2

Your spell library contained the following spells:

 Spells                   Type           Power      Damage    Failure   Level
 Shock                    Conj/Air       32%        1d5       8%          1
 Animate Skeleton         Necr           10%        N/A       12%         1
 Pain                     Necr           20%        1d5       12%         1
 Static Discharge         Conj/Air       8%         N/A       12%         2
 Conjure Flame            Conj/Fire      8%         6-21      26%         3
 Swiftness                Air            6%         N/A       30%         3
 Vampiric Draining        Necr           2%         2d6       36%         3
 Airstrike                Air            3%         N/A       71%         4
 Animate Dead             Necr           2%         N/A       77%         4
 Lightning Bolt           Conj/Air       4%         1d15      91%         5
 Agony                    Necr           5%         N/A       98%         5


Dungeon Overview and Level Annotations

Branches:
Dungeon (3/15)

Altars:

Annotations:
D:2 exclusion: adder
D:3 exclusion: adder


Message History

Casting: Magic Dart (safe; 6% risk of failure)
Confirm with . or Enter, or press ? or * to list all spells.
Aiming: Magic Dart (safe; 6% risk of failure)
Press: ? - help, Shift-Dir - straight line, f/p - orc
Aim: an orc, wielding a +0 club and wearing a +0 leather armour (100% to hit)
You miscast Magic Dart.
Nothing appears to happen.
The orc closely misses you.
Unknown command.
Unknown command.
Unknown command.
Casting: Magic Dart (safe; 6% risk of failure)
Confirm with . or Enter, or press ? or * to list all spells.
Aiming: Magic Dart (safe; 6% risk of failure)
Press: ? - help, Shift-Dir - straight line, f/p - orc
Aim: an orc, wielding a +0 club and wearing a +0 leather armour (100% to hit)
The magic dart hits the orc but does no damage.
The orc hits you with a +0 club.
Unknown command.
Unknown command.
Unknown command.
Casting: Magic Dart (safe; 6% risk of failure)
Confirm with . or Enter, or press ? or * to list all spells.
Aiming: Magic Dart (safe; 6% risk of failure)
Press: ? - help, Shift-Dir - straight line, f/p - orc
Aim: an orc, wielding a +0 club and wearing a +0 leather armour (100% to hit)
The magic dart hits the orc but does no damage.
The orc hits you with a +0 club.
* * * LOW HITPOINT WARNING * * *
Unknown command.
Unknown command.
Unknown command.
Unknown command.
Casting: Magic Dart (safe; 6% risk of failure)
Confirm with . or Enter, or press ? or * to list all spells.
Aiming: Magic Dart (safe; 6% risk of failure)
Press: ? - help, Shift-Dir - straight line, f/p - orc
Aim: an orc, wielding a +0 club and wearing a +0 leather armour (100% to hit)
The magic dart hits the orc.
The orc is lightly wounded.
The orc hits you with a +0 club.
You die...

#.....)........o.
#.#####.#.#.##o..
#.# #.#.#.# #
#.#####.#...##.###
#>............(...
#.#####.##.......#
#...# #.##.#####.#
#.......##.....#
#...#########@##
###.S .?......o..#
......####.####
.... ..# ..... ###


You could see an orc.

Vanquished Creatures
  A worm (D:1)
  2 dart slugs
  An orc (D:3)
  3 ball pythons (D:1)
  An endoplasm (D:2)
  4 giant cockroaches (D:1)
  4 hobgoblins
  9 jackals
  3 kobolds (D:1)
  5 quokkas
  5 bats
  5 frilled lizards
  2 goblins
  3 rats
48 creatures vanquished.

Notes
Turn   | Place    | Note
-------+----------+-------------------------------------------
     0 | D:1      | Feb132020 the Deep Elf Hedge Wizard began the quest for the
                  | Orb.
     0 | D:1      | Reached XP level 1. HP: 10/10 MP: 7/7
   351 | D:1      | Reached XP level 2. HP: 9/15 MP: 5/9
   354 | D:1      | Learned a level 2 spell: Blink
   804 | D:1      | Reached skill level 5 in Spellcasting
  1085 | D:1      | Learned a level 2 spell: Call Imp
  1088 | D:1      | Learned a level 2 spell: Slow
  1147 | D:1      | Reached XP level 3. HP: 19/19 MP: 9/11
  1151 | D:1      | Learned a level 3 spell: Mephitic Cloud
  3094 | D:3      | Slain by an orc

Illustrated notes

Levels and vault maps discovered:
D:1:      lightli_arrival_farm, layout_basic
D:2:      layout_basic
D:3:      layout_basic, serial_shops, shop, nrook_loot_triangle,
          uniq_crazy_yiuf_cottage

Skill      XL: |  1  2  3 |
---------------+----------+-----
Spellcasting   | 5 |  5.3
Dodging        | 3 |  3.1
Stealth        | 3 |  3.1
Fighting       | |  0.1
Short Blades   | |  0.8
Conjurations   | |  1.6
Summonings     | |  1.1
Translocations | |  1.1
Air Magic      | |  0.4
Poison Magic   | |  0.2

Action                   || total
-------------------------++-------
Melee: Dagger            ||    14
       Short sword       ||    99
 Cast: Magic Dart        ||    95
  Use: Scroll            ||     2
 Stab: Sleeping          ||     6
Armor: Robe              ||    18
Dodge: Dodged            ||    84

Table legend: (Time is in decaauts)
 A = Elapsed time spent in this place.
 B = Non-inter-level travel time spent in this place.
 C = Inter-level travel time spent in this place.
 D = Time resting spent in this place.
 E = Time spent auto-exploring this place.
 F = Levels seen in this place.
 G = Mean time per level.
                   A        B        C        D        E       F      G
               +--------+--------+--------+--------+--------+-----+--------+
         Total |   3126 |   3039 |     87 |    142 |   2455 |   3 | 1042.0 |
       Dungeon |   3126 |   3039 |     87 |    142 |   2455 |   3 | 1042.0 |
               +--------+--------+--------+--------+--------+-----+--------+

Top non-repeatable levels by time:
     D:1: 1970 daAuts
     D:2: 945 daAuts
     D:3: 210 daAuts
